Map: Ever Dream LE

Players

Seither

  • Race: Terran Terran
  • Spawn Location: 1:00

Probe - Winner!

  • Race: Protoss Protoss
  • Spawn Location: 7:00

Event: DreamHack SC2 Masters 2020 Summer Oceania RoA

VOD

Have the link to the VOD?

Description

Time

  • Played on: June 27, 2020, 6:24 a.m.
  • Length: 10:38

All games in this series

Show
View Real Time Build Order
Export as new Build Order

Seither Terran 

Build Orders:  

Get SALT Encoding   

  12  0:00  SCV  
  13  0:12  SCV  
  14  0:16  Supply Depot  
  14  0:24  SCV  
  15  0:38  SCV  
  15  0:40  Barracks  
  16  0:43  Refinery  
  16  0:50  SCV  
  17  1:02  SCV  
  18  1:14  SCV  
  19  1:27  Orbital Command  
  19  1:28  Marine  
  20  1:48  Command Center  
  20  1:50  Barracks Reactor  
  20  1:53  SCV  
  21  1:57  Supply Depot  
  21  2:04  Factory  
  21  2:07  SCV  
  22  2:16  Bunker  
  22  2:19  SCV  
  22  2:22  Refinery  
  23  2:27  Marine x2  
  25  2:31  SCV  
  26  2:44  SCV  
  27  2:45  Marine x2  
  27  2:50  Starport  
  29  2:52  Factory Tech Lab  
  29  2:56  SCV  
  30  3:02  Orbital Command  
  30  3:06  Marine  
  30  3:09  SCV  
  32  3:22  SCV  
  32  3:24  Barracks  
  32  3:26  Marine x2  
  35  3:29  SCV  
  36  3:34  Raven, SCV  
  36  3:36  Factory Tech Lab  
  39  3:43  Barracks  
  39  3:46  SCV x2  
  39  3:48  Marine x2  
  41  3:53  Supply Depot  
  43  3:58  SCV x2  
  43  4:02  Engineering Bay  
  45  4:08  Marine  
  46  4:12  Refinery  
  46  4:14  Marine  
  46  4:15  SCV x2  
  46  4:16  Supply Depot  
  49  4:20  Stimpack  
  49  4:24  Supply Depot  
  49  4:28  SCV x2  
  51  4:32  Marauder  
  51  4:34  Terran Infantry Weapons Level 1  
  51  4:37  Marine  
  51  4:38  Marine  
  55  4:41  Marauder  
  55  4:42  Starport Reactor  
  55  4:43  Factory Reactor  
  57  4:46  SCV x2  
  57  4:52  Supply Depot  
  59  4:54  Marauder  
  59  4:59  SCV  
  63  5:00  SCV  
  63  5:01  Marine x2, Bunker  
  63  5:06  Marauder  
  67  5:07  Combat Shield  
  67  5:17  Supply Depot, SCV x2  
  67  5:19  Marauder  
  71  5:25  Marine x2  
  72  5:33  Medivac x2  
  73  5:40  Marauder, Marine  
  72  5:42  SCV  
  72  5:43  SCV  
  72  5:49  Widow Mine x2  
  73  5:55  SCV x2  
  68  5:58  Marauder  
  68  6:00  Marine  
  68  6:01  Marauder  
  61  6:13  SCV  
  61  6:14  SCV  
  61  6:16  Medivac  
  65  6:19  Marauder  
  65  6:25  SCV  
  65  6:26  SCV  
  58  6:33  Marine x2  
  58  6:34  Marauder  
  58  6:38  SCV x2  
  64  6:41  Marauder  
  64  6:42  Widow Mine x2  
  64  6:43  Medivac  
  72  6:50  SCV x2  
  72  6:52  Terran Infantry Armor Level 1  
  74  6:55  Supply Depot  
  74  7:02  SCV x2  
  74  7:06  Marine  
  74  7:07  Marauder x2, Marine  
  82  7:11  Supply Depot  
  82  7:14  SCV x2  
  84  7:26  SCV  
  84  7:29  Command Center, SCV  
  80  7:30  Marine x2  
  86  7:37  Widow Mine x2  
  86  7:38  SCV  
  86  7:40  Refinery  
  86  7:41  SCV  
  88  7:45  Marauder  
  88  7:46  Marauder  
  88  7:50  SCV  
  93  7:53  SCV  
  94  7:59  Marine x2  
  94  8:02  SCV  
  94  8:05  SCV  
  86  8:13  Medivac  
  86  8:14  SCV, Barracks  
  86  8:15  Barracks  
  86  8:16  Medivac  
  86  8:17  SCV  
  92  8:22  Marauder x2  
  92  8:26  SCV  
  97  8:29  SCV  
  97  8:32  Widow Mine x2  
  102  8:36  Ghost Academy  
  102  8:40  Marine x2, SCV  
  105  8:42  SCV  
  105  8:43  Supply Depot  
  105  8:44  Orbital Command  
  106  8:50  Marauder x2  
  106  8:52  SCV  
  105  9:02  Barracks Reactor, Barracks Tech Lab  
  105  9:08  Armory  
  105  9:09  SCV x2  
  107  9:10  Engineering Bay  
  107  9:14  Orbital Command  
  107  9:18  Ghost  
  107  9:19  Marine, Ghost  
  107  9:20  Marine  
  107  9:22  Supply Depot  
  107  9:23  Ghost  
  115  9:33  Widow Mine x2  
  115  9:34  SCV  
  115  9:35  SCV  
  115  9:38  Supply Depot  
  121  9:47  Marine x4  
  120  10:00  Marauder x2, Marine  
  120  10:04  Marine  
  120  10:05  Marine  
  119  10:12  Marine x2  
Show
View Real Time Build Order
Export as new Build Order

Probe Protoss - Winner!

Build Orders: 1 Gate Expand, Blink Stalkers 

Get SALT Encoding   

  12  0:00  Probe  
  13  0:13  Probe  
  14  0:17  Pylon  
  14  0:24  Probe  
  15  0:32  Probe  
  15  0:37  Gateway  
  15  0:40  Probe  
  16  0:46  Assimilator  
  17  0:51  Probe  
  18  1:03  Probe  
  19  1:15  Probe  
  20  1:24  Cybernetics Core  
  20  1:31  Nexus  
  20  1:34  Probe  
  21  1:41  Pylon  
  21  1:46  Probe  
  22  1:50  Assimilator  
  22  1:51  Adept  
  24  2:03  Probe, Warp Gate  
  25  2:13  Probe  
  25  2:21  Stalker  
  25  2:22  Probe  
  29  2:30  Probe  
  29  2:35  Twilight Council  
  30  2:39  Probe  
  30  2:42  Probe  
  32  2:47  Probe  
  32  2:53  Stalker  
  32  2:54  Probe  
  32  2:57  Probe  
  37  3:06  Probe  
  37  3:08  Robotics Facility  
  37  3:09  Probe  
  39  3:14  Gateway  
  39  3:18  Probe  
  40  3:21  Blink, Probe  
  41  3:27  Pylon  
  41  3:30  Probe  
  41  3:33  Probe  
  43  3:42  Probe  
  43  3:44  Pylon  
  43  3:45  Probe  
  43  3:48  Gateway  
  45  3:50  Gateway  
  45  3:53  Observer  
  45  3:54  Probe  
  46  3:57  Probe  
  46  3:59  Stalker  
  50  4:02  Assimilator  
  50  4:06  Pylon  
  50  4:07  Probe  
  51  4:10  Stalker  
  51  4:11  Probe  
  54  4:18  Warp Prism  
  56  4:24  Pylon  
  56  4:27  Stalker  
  58  4:34  Stalker  
  58  4:36  Pylon  
  60  4:40  Probe  
  60  4:41  Probe  
  60  4:44  Stalker x2  
  66  4:52  Stalker  
  68  4:55  Pylon  
  68  5:02  Probe  
  68  5:03  Assimilator  
  66  5:15  Stalker x3  
  66  5:17  Stalker  
  66  5:18  Probe  
  74  5:21  Probe  
  74  5:30  Probe  
  74  5:33  Probe  
  72  5:40  Stalker x2  
  72  5:42  Sentry, Probe  
  79  5:45  Probe  
  80  5:54  Probe  
  81  6:00  Probe  
  81  6:02  Stalker x3  
  80  6:08  Probe  
  80  6:10  Probe  
  73  6:12  Nexus  
  73  6:13  Stalker x3  
  73  6:15  Observer  
  73  6:16  Probe  
  73  6:18  Charge, Probe  
  81  6:24  Probe  
  81  6:25  Forge  
  74  6:36  Immortal  
  78  6:40  Gateway  
  78  6:45  Shield Battery  
  78  6:46  Shield Battery  
  78  6:57  Robotics Bay  
  78  6:59  Gateway  
  78  7:04  Protoss Ground Armor Level 1  
  78  7:06  Zealot  
  78  7:07  Zealot  
  78  7:08  Sentry, Shield Battery  
  81  7:09  Sentry  
  81  7:10  Shield Battery  
  78  7:27  Probe  
  79  7:30  Zealot x2  
  79  7:35  Probe  
  79  7:36  Colossus  
  80  7:39  Probe  
  81  7:50  Zealot x2  
  81  7:51  Zealot x2  
  93  7:59  Stalker x2  
  93  8:04  Probe x2  
  93  8:12  Probe  
  88  8:16  Probe x2  
  88  8:17  Zealot  
  88  8:18  Zealot x2  
  96  8:25  Probe  
  96  8:26  Observer  
  97  8:28  Probe  
  97  8:29  Zealot  
  97  8:30  Zealot x2  
  97  8:33  Pylon x2  
  105  8:34  Probe  
  105  8:37  Probe  
  105  8:40  Probe  
  108  8:46  Probe  
  108  8:48  Observer  
  109  8:54  Pylon  
  109  8:55  Pylon  
  110  9:06  Colossus, Zealot x6  
  122  9:13  Assimilator  
  122  9:14  Assimilator  
  128  9:17  Observer  
  128  9:26  Forge  
  128  9:30  Sentry x3  
  134  9:31  Zealot x2  
  134  9:32  Zealot  
  134  9:37  Pylon  
  140  9:45  Pylon  
  140  9:49  Pylon  
  136  10:01  Zealot x6  
  148  10:09  Probe x2  
  148  10:11  Probe  
  143  10:18  Gateway  
  137  10:21  Probe  
  137  10:22  Robotics Facility  
Tags
 
Add a new tag
Caveats
  • Supply blocks, unpowered buildings, or Contaminate may cause inaccurate times.
  • Supply counts are checked every 10 seconds.